 Dungeon Crawl Stone Soup version 0.20.0-10-g0535bb4 (webtiles) character file.

144 tilp the Firebug (level 5, -2/38 HPs)
             Began as a Hill Orc Fire Elementalist on June 7, 2017.
             Slain by a crimson imp (4 damage)
             ... summoned by Natasha
             ... on level 2 of the Dungeon.
             The game lasted 00:08:03 (2364 turns).

tilp the Firebug (Hill Orc Fire Elementalist)       Turns: 2364, Time: 00:08:04

Health: -2/38      AC:  2    Str: 11    XL:     5   Next: 27%
Magic:  5/9        EV: 12    Int: 16    God:
Gold:   88         SH:  0    Dex: 11    Spells: 5/9 levels left

rFire    . . .     SeeInvis .   q - +0 short sword
rCold    . . .     Gourm    .   (no shield)
rNeg     . . .     Faith    .   a - +0 robe
rPois    .         Spirit   .   (no helmet)
rElec    .         Reflect  .   (no cloak)
rCorr    .         Harm     .   (no gloves)
MR       .....                  (no boots)
Stlth    ++........             (no amulet)
Regen    0.2/turn               (no ring)
MPRegen  0.2/turn               (no ring)

@: slowed, very slow
A: no striking features
a: no special abilities


You were on level 2 of the Dungeon.
You were not hungry.

You visited 1 branch of the dungeon, and saw 2 of its levels.

You collected 88 gold pieces.

Inventory:

Hand Weapons
 q - a +0 short sword (weapon)
 r - a +1 hunting sling of freezing
Missiles
 s - 49 stones (quivered)
Armour
 a - a +0 robe (worn)
Jewellery
 d - an uncursed ring of stealth {unknown}
 g - an uncursed amulet of magic regeneration {unknown}
 m - a +3 ring of dexterity {unknown}
 p - an uncursed ring of ice {unknown}
Scrolls
 e - a scroll of remove curse {unknown}
 k - 3 scrolls of identify {unknown}
Potions
 f - a potion of magic {unknown}
 h - 2 potions of brilliance {unknown}
 i - a potion of cancellation {unknown}
 j - a potion of curing
 l - 2 potions of flight {unknown}
 n - 2 potions of lignification {unknown}
Books
 b - a book of Flames

   Spells                             Type                      Level
   a - Flame Tongue                   Conjuration/Fire             1
   b - Throw Flame                    Conjuration/Fire             2
   c - Conjure Flame                  Conjuration/Fire             3
   d - Inner Flame                    Hexes/Fire                   3
   e - Sticky Flame                   Conjuration/Fire             4
   f - Fireball                       Conjuration/Fire             5
Comestibles
 c - 4 bread rations


   Skills:
 - Level 1.5 Dodging
 - Level 1.5 Stealth
 * Level 2.8 Spellcasting
 * Level 2.2 Conjurations
 + Level 4.7 Fire Magic


You had 5 spell levels left.
You knew the following spells:

 Your Spells              Type           Power        Failure   Level  Hunger
a - Flame Tongue          Conj/Fire      ##...        4%          1    #......
b - Conjure Flame         Conj/Fire      ##......     14%         3    ###....


Dungeon Overview and Level Annotations

Branches:
Dungeon (2/15)

Altars:
Makhleb
Ru

Annotations:
D:2 Natasha


Message History

The crimson imp laughs crazily.
The crimson imp blinks!
Natasha claws you!
* * * LOW HITPOINT WARNING * * *
Okay, then.
Unknown command.
Natasha barely misses you.
The crimson imp blinks!
You barely miss the crimson imp. Natasha completely misses you.
The crimson imp puffs mist at you.
The crimson imp blinks!
The crimson imp hits you.
* * * LOW HITPOINT WARNING * * *
Natasha misses you.
The crimson imp blinks!
The crimson imp hits you but does no damage.
The crimson imp misses you. Natasha barely misses you.
The crimson imp blinks!
The crimson imp blinks!
Natasha stares at you and mumbles some strange words.
The magic dart hits you!
* * * LOW HITPOINT WARNING * * *
The crimson imp blinks!
The crimson imp hits you.
You die...

#.# #.# #.##.###############
####.#####.# #.##.#
#............ ...........#
#.##.# #.###########
........##.###.##.# #.#
............##.##.###.### ###
##.###.###[.......#.....#
...# #.#
#......##.####.#####..... #.#
####......§.h..####...... #.#
#.#.##..@5..##....._..
#.######.#.##.####.§..#......
##.#.##.....##.# ##.### ?....
......#......#.# #.# ...#
##.#...........## #.# ###
#.###..........####.#
#.........<..#....#.#
#####..........#....####
####### ##.....##..........#
#......


You could see Natasha and a crimson imp.

Vanquished Creatures
  Natasha (twice) (D:2)
  4 adders (D:2)
  3 worms
  A dart slug (D:1)
  2 leopard geckos (D:1)
  4 giant cockroaches
  4 goblins
  7 hobgoblins
  3 jackals (D:1)
  A quokka (D:2)
  5 bats
  3 frilled lizards
  7 kobolds
  2 rats (D:1)
48 creatures vanquished.

Notes
Turn   | Place    | Note
-------+----------+-------------------------------------------
     0 | D:1      | tilp the Hill Orc Fire Elementalist began the quest for the Orb.
     0 | D:1      | Reached XP level 1. HP: 14/14 MP: 3/3
   129 | D:1      | Reached XP level 2. HP: 13/20 MP: 0/4
   345 | D:1      | Reached skill level 4 in Fire Magic
   760 | D:1      | Reached XP level 3. HP: 23/26 MP: 5/5
  1497 | D:2      | Found a faded altar of an unknown god.
  1574 | D:2      | Reached XP level 4. HP: 32/33 MP: 5/7
  1598 | D:2      | Learned a level 3 spell: Conjure Flame
  1705 | D:2      | Found a sacrificial altar of Ru.
  1705 | D:2      | Noticed Natasha
  1710 | D:2      | Killed Natasha
  1911 | D:2      | Reached XP level 5. HP: 34/38 MP: 5/9
  2291 | D:2      | Noticed Natasha
  2300 | D:2      | Killed Natasha
  2348 | D:2      | Found a burning altar of Makhleb.
  2348 | D:2      | Noticed Natasha
  2364 | D:2      | Slain by a crimson imp

Skill      XL: |  1  2  3  4 |
---------------+-------------+-----
Fire Magic     | 4 |  4.7
Spellcasting   | 2 |  2.8
Conjurations   | 2 |  2.2
Dodging        | |  1.5
Stealth        | |  1.5

Action                   |  1- 3 |  4- 6 || total
-------------------------+-------+-------++-------
Melee: Spear             |    58 |       ||    58
       Unarmed           |     1 |       ||     1
       Short sword       |     1 |    36 ||    37
Throw: Tomahawk          |       |     4 ||     4
 Cast: Flame Tongue      |    44 |    31 ||    75
 Stab: Sleeping          |     1 |     1 ||     2
  Eat: Chunk             |     3 |     2 ||     5
       Bread ration      |       |     1 ||     1
Armor: Robe              |     7 |     7 ||    14
Dodge: Dodged            |    42 |    37 ||    79
